 Dungeon Crawl Stone Soup version 0.18.1-6-gd335043 (webtiles) character file.

231 mistymad the Skirmisher (level 6, 0/40 HPs)
             Began as a Gargoyle Fighter on May 16, 2016.
             Slain by a kobold
             ... wielding a +0 short sword
              (3 damage)
             ... on level 2 of the Dungeon.
             The game lasted 00:13:38 (3447 turns).

mistymad the Skirmisher (Gargoyle Fighter)          Turns: 3447, Time: 00:13:39

Health: 0/40       AC: 13    Str: 21    XL:     6   Next: 4%
Magic:  6/6        EV:  7    Int:  9    God:
Gold:   196        SH:  9    Dex:  9    Spells: 0 memorised, 5 levels left

rFire  . . .     SeeInvis .     a - +0 flail
rCold  . . .     Gourm    .     b - +0 scale mail
rNeg   + . .     Faith    .     c - +0 shield
rPois  ∞         Spirit   .     s - +0 helmet
rElec  +         Dismiss  .     j - +0 cloak
rCorr  .         Reflect  .     (no gloves)
SustAt .         Harm     .     (no boots)
MR     .....                    (no amulet)
Stlth  ..........               (no ring)
                                (no ring)

@: not resistant to hostile enchantments, extremely unstealthy
A: negative energy resistance 1, electricity resistance, unbreathing,
petrification resistance, rot immunity, AC +4
a: no special abilities


You were on level 2 of the Dungeon.
You were not hungry.

You visited 1 branch of the dungeon, and saw 3 of its levels.

You collected 196 gold pieces.

Inventory:

Hand Weapons
 a - a +0 flail (weapon)
Armour
 b - a +0 scale mail (worn)
 c - a +0 shield (worn)
 j - a +0 cloak (worn)
 s - a +0 helmet (worn)
Scrolls
 e - 5 scrolls of identify {unknown}
 g - 4 scrolls of immolation {unknown}
 i - 3 scrolls of remove curse {unknown}
 l - a scroll of enchant weapon {unknown}
 n - a scroll of amnesia {unknown}
 o - a scroll of teleportation {unknown}
 p - a scroll of fog {unknown}
 u - a scroll of enchant armour {unknown}
 v - a scroll of blinking {unknown}
Potions
 d - 2 potions of might
 h - a potion of haste {unknown}
 k - a potion of agility {unknown}
 q - 3 potions of curing {unknown}
 r - a potion of brilliance {unknown}
Comestibles
 f - 3 bread rations
 m - a meat ration
 t - 5 chunks of flesh


   Skills:
 * Level 5.2 Fighting
 + Level 3.3 Maces & Flails
 + Level 4.1 Armour
 + Level 4.2 Shields


You had 5 spell levels left.
You didn't know any spells.

Dungeon Overview and Level Annotations

Branches:
Dungeon (3/15)

Altars:
Nemelex Xobeh
Vehumet

Annotations:
D:3 Uhlv's ghost, amateur TrMo


Innate Abilities, Weirdness & Mutations

You are resistant to torment.
Your stone body is resilient (AC +4).
You are immune to poison.
You resist negative energy.
You are resistant to electric shocks.
You can survive without breathing.
You are immune to petrification.
You are immune to rotting.


Message History

You closely miss Uhlv's ghost.
Uhlv's ghost is severely damaged.
Uhlv's ghost hits you.
* * * LOW HITPOINT WARNING * * *
Uhlv's ghost hits you.
* * * LOW HITPOINT WARNING * * *
Uhlv's ghost barely misses you. You block the kobold's attack.
You block the kobold's attack. Uhlv's ghost hits you.
* * * LOW HITPOINT WARNING * * *
There is a stone staircase leading up here.
The kobold hits you but does no damage.
Uhlv's ghost screams, "I'll kill anyone who wants the ORB!"
You climb upwards.
The ghost fades into the shadows.
Uhlv's ghost disappears!
There is a stone staircase leading down here.
You hit the kobold but do no damage. You block the kobold's attack.
You closely miss the kobold. The kobold hits you but does no damage.
You block the kobold's attack.
You barely miss the kobold. The kobold hits you with a short sword.
You die...

#.# #..# #.# #.# #..# #.#
#.# #..# #.# #.# #..# #.#
#.# #..# #.############ #.#
#..#####.............
##.#####..#..........(......
#.......................####
########..#@K...............
#..#.###########.##..
#..#........[..#.##..
#..###########.#.##..
#..#.....#####.#.##..
#..###.#.........##..
#................##..
##.#...#.........##..
#.#...#.........##..


You could see a kobold.

Vanquished Creatures
  An orc priest (D:2)
  Jessica (D:3)
  Robin (D:3)
  4 gnolls (D:3)
  3 adders
  4 dart slugs
  4 worms
  A giant gecko (D:2)
  9 orcs
  3 giant cockroaches
  12 goblins
  8 hobgoblins (D:2)
  4 kobolds
  A quokka (D:2)
  A ball python (D:3)
  5 bats
  8 giant newts
  6 rats
76 creatures vanquished.

Notes
Turn   | Place    | Note
--------------------------------------------------------------
     0 | D:1      | mistymad the Gargoyle Fighter began the quest for the Orb.
     0 | D:1      | Reached XP level 1. HP: 14/14 MP: 1/1
   272 | D:1      | Reached XP level 2. HP: 19/19 MP: 2/2
   694 | D:2      | Reached skill level 4 in Fighting
   725 | D:2      | Reached XP level 3. HP: 23/24 MP: 3/3
   916 | D:2      | Found a radiant altar of Vehumet.
  1455 | D:2      | Reached XP level 4. HP: 28/30 MP: 4/4
  1650 | D:3      | Noticed Robin
  2238 | D:2      | Reached XP level 5. HP: 34/34 MP: 5/5
  2245 | D:3      | Killed Robin
  2553 | D:3      | Found a sparkling altar of Nemelex Xobeh.
  2663 | D:3      | Reached skill level 5 in Fighting
  2731 | D:3      | Noticed Uhlv's ghost (amateur TrMo)
  3004 | D:3      | Noticed Jessica
  3019 | D:3      | Killed Jessica
  3260 | D:3      | Reached XP level 6. HP: 40/40 MP: 6/6
  3431 | D:3      | HP: 1/40 [Uhlv's ghost (4)]
  3447 | D:2      | Slain by a kobold

Skill      XL: |  1  2  3  4  5 |
---------------+----------------+-----
Fighting       | 4 5 |  5.2
Shields        | 4 |  4.2
Maces & Flails | 3 |  3.3
Armour         | 4 |  4.1

Action                   |  1- 3 |  4- 6 || total
-------------------------+-------+-------++-------
Melee: Flail             |   126 |   199 ||   325
  Eat: Chunk             |     2 |     7 ||     9
Armor: Scale mail        |    70 |   109 ||   179
Dodge: Dodged            |    46 |    59 ||   105
Block: Shield            |    56 |   151 ||   207
